 Dungeon Crawl Stone Soup version 0.21-a0-361-g4efd3f9 (webtiles) character file.

30 Dfrag the Firebug (level 3, 2/24 HPs)
             Began as a Demonspawn Fire Elementalist on Oct 14, 2017.
             Quit the game on level 2 of the Dungeon.
             The game lasted 00:01:24 (1339 turns).

Dfrag the Firebug (Demonspawn Fire Elementalist)    Turns: 1339, Time: 00:01:25

Health: 2/24       AC:  4    Str:  8    XL:     3   Next: 3%
Magic:  1/6        EV: 12    Int: 17    God:
Gold:   26         SH:  0    Dex: 13    Spells: 6/7 levels left

rFire    . . .     SeeInvis .   (no weapon)
rCold    . . .     Gourm    .   (no shield)
rNeg     . . .     Faith    .   a - +0 robe
rPois    .         Spirit   .   (helmet restricted)
rElec    .         Reflect  .   (no cloak)
rCorr    .         Harm     .   (no gloves)
MR       .....                  (no boots)
Stlth    ++........             (no amulet)
HPRegen  0.08/turn              (no ring)
MPRegen  0.10/turn              (no ring)

@: no status effects
A: antennae 1, slimy green scales 1
a: no special abilities


You were on level 2 of the Dungeon.
You were not hungry.

You visited 1 branch of the dungeon, and saw 2 of its levels.

You collected 26 gold pieces.

Inventory:

Armour
 a - a +0 robe (worn)
Jewellery
 e - an uncursed ring of ice {unknown}
Scrolls
 d - 2 scrolls of magic mapping {unknown}
 i - a scroll of fog {unknown}
Potions
 g - a potion of might {unknown}
Books
 b - a book of Flames

   Spells                             Type                      Level
   a - Flame Tongue                   Conjuration/Fire             1
   b - Throw Flame                    Conjuration/Fire             2
   c - Conjure Flame                  Conjuration/Fire             3
   d - Inner Flame                    Hexes/Fire                   3
   e - Sticky Flame                   Conjuration/Fire             4
   f - Fireball                       Conjuration/Fire             5
Comestibles
 c - a bread ration
 f - a royal jelly
 h - a chunk of flesh
 j - a meat ration


   Skills:
 - Level 1.7 Dodging
 - Level 1.7 Stealth
 + Level 2.5 Spellcasting
 + Level 1.8 Conjurations
 + Level 3.1 Fire Magic


You had 6 spell levels left.
You knew the following spells:

 Your Spells              Type           Power        Failure   Level  Hunger
a - Flame Tongue          Conj/Fire      ##...        7%          1    #......


Dungeon Overview and Level Annotations

Branches:
Dungeon (2/15)

Altars:


Innate Abilities, Weirdness & Mutations

You have a pair of small antennae on your head.
You are partially covered in slimy green scales. (AC +2)


Message History

Press: ? - help, Shift-Dir - straight line, f/p - worm
Aim: a worm (almost dead)
The flame tongue hits the worm.
The worm is almost dead.
Casting: Flame Tongue
Confirm with . or Enter, or press ? or * to list all spells.
Aiming: Flame Tongue
Press: ? - help, Shift-Dir - straight line, f/p - worm
Aim: a worm (almost dead)
The flame tongue hits the worm.
You kill the worm!
You have reached level 3!
Your experience leads to an increase in your attributes!
Increase (S)trength, (I)ntelligence, or (D)exterity?
You feel clever.
Your demonic ancestry asserts itself...
A pair of antennae grows on your head!
You see here a worm corpse.
You butcher the worm corpse.
h - a chunk of flesh Are you sure you want to abandon this character and quit the game? (Confirm with "yes".)

##.## #...# #...# #...#
# #####...########
##..###..............# .
........@..........#....
######<.............#
####>[...#.##.##
#.###.#.# #.# #.#.# #.#
#.#.. #.. ..#%. #.%
..#.## #.# #.#.#


There were no monsters in sight!

Vanquished Creatures
  2 worms
  2 dart slugs (D:1)
  A ball python (D:1)
  2 bats
  2 giant cockroaches (D:1)
  3 hobgoblins (D:1)
  5 kobolds
  A frilled lizard (D:1)
  A rat (D:1)
19 creatures vanquished.

Notes
Turn   | Place    | Note
-------+----------+-------------------------------------------
     0 | D:1      | Dfrag the Demonspawn Fire Elementalist began the quest for the Orb.
     0 | D:1      | Reached XP level 1. HP: 13/13 MP: 3/3
   282 | D:1      | Gained mutation: You are partially covered in slimy green scales. (AC +2) [demonic ancestry]
   282 | D:1      | Reached XP level 2. HP: 9/19 MP: 1/5
   463 | D:1      | Reached skill level 3 in Fire Magic
  1334 | D:2      | Gained mutation: You have a pair of small antennae on your head. [demonic ancestry]
  1334 | D:2      | Reached XP level 3. HP: 1/24 MP: 1/6
  1339 | D:2      | Quit the game

Vault maps used:
D:1:      lemuel_arrival_hallway, st_stairs_6, corner_web_ring,
          minmay_shallow_snake_nest
D:2:      lemuel_round_altar

Skill      XL: |  1  2 |
---------------+-------+-----
Fire Magic     | 3 |  3.1
Dodging        | |  1.7
Stealth        | |  1.7
Spellcasting   | |  2.5
Conjurations   | |  1.8

Action                   || total
-------------------------++-------
Melee: Unarmed           ||    56
 Cast: Flame Tongue      ||    45
  Eat: Chunk             ||     2
Armor: Robe              ||    13
Dodge: Dodged            ||    44

Table legend:
 A = Spawn XP
 B = Non-spawn XP
 C = Spawn XP percentage of total XP
 D = Spawn monster count
 E = Non-spawn monster count
 F = Spawn count percentage of total count
 G = Total turns spent on level
                    A         B        C        D         E        F      G
               +---------+---------+-------+---------+---------+-------+---------
         Total |       0 |      43 |   0.0 |       0 |      19 |   0.0 |  1339
               +---------+---------+-------+---------+---------+-------+---------
           D:1 |       0 |      36 |   0.0 |       0 |      16 |   0.0 |  1261
           D:2 |       0 |       7 |   0.0 |       0 |       3 |   0.0 |    78
               +---------+---------+-------+---------+---------+-------+---------
